 Dungeon Crawl Stone Soup version 0.31-a0-986-g5e6e4ef867 (webtiles) character file.

Game seed: 6532777780964539124

170 Xavori the Trooper (level 5, -2/41 HPs)
             Began as a Djinni Chaos Knight on Nov 11, 2023.
             Was a Plaything of Xom.
             Killed by nerve-wracking pain
             ... invoked by an orc priest
              (5 damage)
             ... on level 3 of the Dungeon.
             The game lasted 00:02:19 (4012 turns).

Xavori the Trooper (Djinni Chaos Knight)            Turns: 4012, Time: 00:02:21

Health: -2/41      AC:  6    Str:  7 (10) XL:     5   Next: 80%
Gold:   84         EV: 12    Int: 15 (17) God:    Xom [.....*] SH:  0 Dex: 11 (14)

rFire   + + .        a - +0 falchion (chaos)
rCold   x . .        (no shield)
rNeg    . . .        b - +2 leather armour
rPois   ∞            (helmet restricted)
rElec   +            p - +0 cloak
rCorr   .            (no gloves)
SInv    .            (boots unavailable)
Will    .....        (no amulet)
Stlth   +            (no ring)
HPRegen 0.26/turn    (no ring)
MPRegen 0.00/turn

%: infuse magic (-3 HP)
@: weak-willed, flying
A: sickness immunity, fire resistance 2, cold vulnerability 1, float, innate
caster, HP casting, extra vitality 1, beak, clever 1, strong-willed 1,
electricity resistance
a: Renounce Religion


You were on level 3 of the Dungeon.
You worshipped Xom.
You were Xom's teddy bear.
You visited 1 branch of the dungeon, and saw 3 of its levels.

You collected 84 gold pieces.

Inventory:

Hand Weapons
 a - a +0 falchion of chaos (weapon)
Armour
 b - a +2 leather armour (worn)
 p - a +0 cloak (worn)
 q - the +2 chain mail "Ublyjepp" {Rampage +Blink}
   (You found it on level 3 of the Dungeon)

   +Blink:    It lets you blink.
   Rampage:   It bestows one free step when moving towards enemies.
Wands
 i - a wand of iceblast (5)
Scrolls
 c - a scroll of butterflies
 e - a scroll of revelation {unknown}
 g - 3 scrolls of teleportation {unknown}
 k - a scroll of identify {unknown}
 l - 2 scrolls of brand weapon {unknown}
 n - a scroll of poison {unknown}
Potions
 d - 3 potions of cancellation {unknown}
 f - a potion of heal wounds {unknown}
 h - a potion of haste {unknown}
 j - a potion of degeneration
 m - 4 potions of attraction {unknown}
 o - a potion of magic {unknown}
 r - 2 potions of curing {unknown}


   Skills:
 + Level 3.6 Fighting
 + Level 3.3 Long Blades
 + Level 2.2 Armour
 + Level 3.2 Dodging
 * Level 1.6 Spellcasting
 * Level 1.6 Conjurations
 * Level 1.6 Hexes
   Level 0.0 Charms
 * Level 1.6 Summonings
 * Level 1.6 Necromancy
 * Level 1.6 Translocations
 * Level 1.6 Transmutations
 * Level 1.6 Fire Magic
 * Level 1.6 Ice Magic
 * Level 1.6 Air Magic
 * Level 1.6 Earth Magic
 * Level 1.6 Poison Magic


You knew the following spells:

 Your Spells              Type           Power      Damage    Failure   Level
a - Necrotise             Necr           24%        1d5       17%         1
b - Jinxbite              Hex            12%        N/A       26%         2
Your spell library was empty.

Dungeon Overview and Level Annotations

Branches:
Dungeon (3/15)

Altars:

Shops:
D:3 (


Innate Abilities, Weirdness & Mutations

You are immune to sickness and miasma.
You are immune to poison.
Your flesh is very heat resistant. (rF++)
You are vulnerable to cold. (rC-)
You float through the air rather than walking.
You learn spells naturally, not from books.
Your magical power is your life essence.
You have superior vitality. (+4 MHP)
You have a beak for a mouth.
Your mind is acute. (Int +4, Str/Dex -1)
You are strong-willed. (Will+)
You are resistant to electric shocks. (rElec)


Message History

The jinxing sprites lose interest in you.
You hear some strange, mumbled words.
A magic dart appears from out of thin air!
The magic dart hits you! Something hits you but does no damage.
You see here a bat corpse.
You are too confused!
You closely miss something.
You feel less confused.
The orc priest calls down the wrath of Beogh upon you.
Pain shoots through your body! Something hits you but does no damage.
Items here: )) [[ †.
You closely miss the orc priest. The orc priest barely misses you.
Something hits you but does no damage.
You closely miss the orc priest. The orc priest misses you.
Something hits you but does no damage.
You barely miss the orc priest. The orc priest closely misses you.
You hear some strange, mumbled words.
A magic dart appears from out of thin air!
The magic dart hits you.
You are too injured to fight recklessly!
You completely miss the orc priest.
The orc priest hits you but does no damage.
Something hits you. The orc priest misses you.
You closely miss the orc priest. Your punch misses the orc priest.
Something completely misses you.
The orc priest invokes the aid of Beogh against you.
Beogh smites you!
* * * LOW HITPOINT WARNING * * *
Something hits you but does no damage.
Unknown command.
It was a potion of degeneration.
There was something very wrong with that liquid.
You feel weakened.
You feel dopey.
You feel clumsy. "Time to have some fun!"
The orc's +0 mace dances into the air!
The orc priest invokes the aid of Beogh against you.
Pain shoots through your body!
You die...
Xom roars with laughter!

..... # ########
... #.#......# ...
#.#.####.## #.#
#.......... #.#
###<####.## ##.##
#.# #.#
####.###...#####.#
#.#
.....oo@†........#
#.#
####.###{..#######
#.# ##.## #.# #.#
#.# #.# #.# #.#
#.# #.# #.#


You could see an orc priest and an orc.

Vanquished Creatures
  Crazy Yiuf (D:2)
  An orc priest (D:3)
  Terence (D:2)
  An orc wizard (D:3)
  An adder (D:3)
  A dart slug (D:2)
  7 orcs (D:3)
  7 bats
  6 endoplasms
  A giant cockroach (D:3)
  5 goblins
  A quokka (D:2)
  4 ball pythons
  3 frilled lizards
  2 kobolds (D:1)
  3 rats
45 creatures vanquished.

Notes
Turn   | Place    | Note
-------+----------+-------------------------------------------
     0 | D:1      | Xavori the Djinni Chaos Knight began the quest for the Orb.
     0 | D:1      | Reached XP level 1. HP: 20/20 MP: 0/0
    87 | D:1      | Reached XP level 2. HP: 24/25 MP: 0/0
   111 | D:1      | XOM: silly message
   164 | D:1      | XOM: silly message
   352 | D:1      | XOM: silly message
   579 | D:2      | Reached XP level 3. HP: 25/30 MP: 0/0
   579 | D:2      | Learned a level 1 spell: Necrotise
  1162 | D:1      | XOM: divination: detect creatures
  1167 | D:1      | XOM: give mutations
  1167 | D:1      | Gained mutation: You have hidden genetic potential. [Xom's
                  | grace]
  1167 | D:1      | Gained mutation: You are resistant to electric shocks.
                  | (rElec) [Xom's grace]
  1167 | D:1      | Gained mutation: You are strong-willed. (Will+) [Xom's
                  | grace]
  2292 | D:1      | XOM: god gift: dagger {god gift}
  2420 | D:1      | XOM: god gift: book of the Dragon
  2526 | D:1      | XOM: god gift: wand of iceblast (5)
  2740 | D:2      | Noticed Terence
  2743 | D:2      | XOM: divination: detect items
  2745 | D:2      | Killed Terence
  2746 | D:2      | Reached skill level 1 in Spellcasting
  2746 | D:2      | Reached skill level 1 in Conjurations
  2746 | D:2      | Reached skill level 1 in Hexes
  2746 | D:2      | Reached skill level 1 in Summonings
  2746 | D:2      | Reached skill level 1 in Necromancy
  2746 | D:2      | Reached skill level 1 in Translocations
  2746 | D:2      | Reached skill level 1 in Transmutations
  2746 | D:2      | Reached skill level 1 in Fire Magic
  2746 | D:2      | Reached skill level 1 in Ice Magic
  2746 | D:2      | Reached skill level 1 in Air Magic
  2746 | D:2      | Reached skill level 1 in Earth Magic
  2746 | D:2      | Reached skill level 1 in Poison Magic
  2746 | D:2      | Reached XP level 4. HP: 28/35 MP: 0/0
  2764 | D:2      | Gained mutation: Your mind is acute. (Int +4, Str/Dex -1)
                  | [hidden potential]
  3268 | D:2      | Found a runed translucent door.
  3269 | D:2      | Noticed Crazy Yiuf
  3275 | D:2      | XOM: butterfly on damage
  3279 | D:2      | Killed Crazy Yiuf
  3425 | D:3      | Identified the +2 chain mail "Ublyjepp" {Rampage +Blink}
  3500 | D:3      | Reached XP level 5. HP: 17/40 MP: 0/0
  3500 | D:3      | Learned a level 2 spell: Jinxbite
  3503 | D:3      | Gained mutation: You have a beak for a mouth. [hidden
                  | potential]
  3503 | D:3      | Lost mutation: You have hidden genetic potential. [hidden
                  | potential expressed]
  3793 | D:3      | Found Erisafeilloph's Antique Weapon Shop.
  3924 | D:3      | XOM: god gift: Inescapable Atlas
  4012 | D:3      | Killed from afar by an orc priest

Illustrated notes

Levels and vault maps discovered:
D:1:      ebering_trefoil_3fold, layout_loops_ring
D:2:      layout_loops_ring, basic_altar, uniq_terence, uniq_crazy_yiuf_cottage
D:3:      layout_loops_ring, mainiacjoe_overflow_alcove_1, serial_shops,
          nicolae_shop_rolling_square

Skill      XL: |  1  2  3  4 |
---------------+-------------+-----
Long Blades    | 3 |  3.3
Spellcasting   | 1 |  1.6
Conjurations   | 1 |  1.6
Hexes          | 1 |  1.6
Summonings     | 1 |  1.6
Necromancy     | 1 |  1.6
Translocations | 1 |  1.6
Transmutations | 1 |  1.6
Fire Magic     | 1 |  1.6
Ice Magic      | 1 |  1.6
Air Magic      | 1 |  1.6
Earth Magic    | 1 |  1.6
Poison Magic   | 1 |  1.6
Armour         | 2 |  2.2
Dodging        | 3 |  3.2
Fighting       | |  3.6

Action                     |  1- 3 |  4- 6 || total
---------------------------+-------+-------++-------
  Melee: Falchion          |    64 |   110 ||   174
         Punch             |       |     1 ||     1
         Peck              |       |     7 ||     7
   Cast: Necrotise         |       |     1 ||     1
         Jinxbite          |       |     1 ||     1
    Use: Potion            |       |     1 ||     1
   Stab: Paralysed         |     1 |       ||     1
         Sleeping          |       |     1 ||     1
 Armour: Leather armour    |    42 |    86 ||   128
  Dodge: Dodged            |    46 |    70 ||   116

Table legend: (Time is in decaauts)
 A = Elapsed time spent in this place.
 B = Non-inter-level travel time spent in this place.
 C = Inter-level travel time spent in this place.
 D = Time resting spent in this place.
 E = Time spent auto-exploring this place.
 F = Levels seen in this place.
 G = Mean time per level.
                   A        B        C        D        E       F      G
               +--------+--------+--------+--------+--------+-----+--------+
         Total |   4047 |   3994 |     53 |   2217 |   1326 |   3 | 1349.0 |
       Dungeon |   4047 |   3994 |     53 |   2217 |   1326 |   3 | 1349.0 |
               +--------+--------+--------+--------+--------+-----+--------+

Top non-repeatable levels by time:
     D:1: 2528 daAuts
     D:2: 1003 daAuts
     D:3: 515 daAuts
